 Dungeon Crawl Stone Soup version 0.31.0-12-g77e489cdc1 (webtiles) character file.

Game seed: 202041280164081145

16 Silvore the Trooper (level 2, -1/24 HPs)
             Began as a Demonspawn Fighter on Feb 12, 2024.
             Slain by a rat (2 damage)
             ... on level 2 of the Dungeon.
             The game lasted 00:00:46 (391 turns).

Silvore the Trooper (Demonspawn Fighter)             Turns: 391, Time: 00:00:46

Health: -1/24      AC:  6    Str: 16    XL:     2   Next: 41%
Magic:  2/2        EV:  8    Int:  8    God:
Gold:   0          SH:  4    Dex: 12    Spells: 1/1 levels left

rFire   . . .        a - +0 long sword
rCold   . . .        c - +0 buckler
rNeg    . . .        b - +0 scale mail
rPois   .            (no helmet)
rElec   .            (no cloak)
rCorr   .            (no gloves)
SInv    .            (no boots)
Will    .....        (no amulet) Stlth
                     (no ring)
HPRegen 0.24/turn    (no ring)
MPRegen 0.08/turn

%: no passive effects
@: no status effects
A: demonic guardian 1
a: no special abilities


You were on level 2 of the Dungeon.
You visited 1 branch of the dungeon, and saw 2 of its levels.

Inventory:

Hand Weapons
 a - a +0 long sword (weapon)
Armour
 b - a +0 scale mail (worn)
 c - a +0 buckler (worn)
Scrolls
 e - a scroll of amnesia {unknown}
Potions
 d - a potion of might


   Skills:
 + Level 3.1 Fighting
 + Level 1.8 Long Blades
 + Level 3.0 Armour
 + Level 3.0 Shields


You had one spell level left.
You didn't know any spells.
Your spell library was empty.

Dungeon Overview and Level Annotations

Branches:
Dungeon (2/15)

Altars:


Innate Abilities, Weirdness & Mutations

A weak demonic guardian rushes to your aid.


Message History

The adder bites you but does no damage. The rat closely misses you.
Unknown command.
The bat closely misses your quasit. x2; Your quasit barely misses the bat.
Your quasit claws the bat. x2
The bat dies!
The adder bites you. The rat closely misses you.
Your Shields skill increases to level 3!
Your quasit barely misses the rat.
Your quasit closely misses the rat. x2
The adder closely misses you.
Your quasit bites the rat but does no damage.
Your quasit closely misses the rat.
Your quasit claws the rat.
The rat bites you but does no damage. The rat bites you.
Your quasit disappears in a puff of smoke!
The adder bites you.
You are poisoned.
The adder poisons you! The adder bites you.
The rat bites you but does no damage. The rat closely misses you.
You feel sick. The adder closely misses you. The rat bites you.
* * * LOW HITPOINT WARNING * * *
The rat barely misses you.
You feel sick. The adder closely misses you.
The rat bites you but does no damage. x2
You feel sick. The adder barely misses you.
The adder bites you but does no damage. You block the rat's attack.
The rat bites you but does no damage.
You feel sick.
You are no longer poisoned.
The adder closely misses you. The rat bites you but does no damage.
The rat barely misses you. The adder bites you.
* * * LOW HITPOINT WARNING * * *
A demonic guardian appears!
The rat bites you but does no damage. You block the rat's attack.
The adder barely misses you.
Your ufetubus barely misses the adder.
Your ufetubus hits the adder. The rat bites you.
* * * LOW HITPOINT WARNING * * *
The rat bites you but does no damage. The adder barely misses you.
Your ufetubus misses the adder.
Your ufetubus closely misses the adder.
You block the adder's attack. The rat bites you.
You die...

##### #...#
#...# #...#
#####...#
#†@r....#
#...r)S#...#
#.....5###.#
.........#
.#
###.<....#
.# ....#...#
.#
......>..#
.#
.........#
..


You could see an adder (ally target), 2 rats and a friendly ufetubus (summoned).

Vanquished Creatures
  A goblin (D:1)
  A hobgoblin (D:1)
  4 jackals (D:1)
  2 rats (D:1)
8 creatures vanquished.

Vanquished Creatures (collateral kills)
  A bat (D:2)
  An endoplasm (D:1)
  2 hobgoblins (D:2)
  A ball python (D:1)
  A kobold (D:2)
6 creatures vanquished.

Grand Total: 14 creatures vanquished

Notes
Turn   | Place    | Note
-------+----------+-------------------------------------------
     0 | D:1      | Silvore the Demonspawn Fighter began the quest for the Orb.
     0 | D:1      | Reached XP level 1. HP: 18/18 MP: 1/1
   115 | D:1      | Gained mutation: A weak demonic guardian rushes to your
                  | aid. [demonic ancestry]
   115 | D:1      | Reached XP level 2. HP: 22/24 MP: 2/2
   390 | D:2      | HP: 1/24 [rat (3)]
   391 | D:2      | Slain by a rat

Illustrated notes

Levels and vault maps discovered:
D:1:      dpeg_arrival_leaves_temple_mockup, layout_basic, serial_shops, shop,
          dreamdust_ecumenical_altar_statues, minmay_pentomino_r2
D:2:      layout_basic, kennysheep_generic_room_14

Skill      XL: |  1  2 |
---------------+-------+-----
Armour         | 3 |  3.0
Shields        | 3 |  3.0
Fighting       | |  3.1
Long Blades    | |  1.8

Action                     || total
---------------------------++-------
  Melee: Long sword        ||    24
 Armour: Scale mail        ||    94
  Dodge: Dodged            ||    79
  Block: Buckler           ||    29
